 Dungeon Crawl Stone Soup version 0.26-a0-580-g4860111 (webtiles) character file.

Game seed: 11126736315152102988

68 Hazorath the Sneak (level 4, -3/28 HPs)
             Began as a Kobold Brigand on Aug 24, 2020.
             Shot with an arrow by a centaur (5 damage)
             ... on level 3 of the Dungeon.
             The game lasted 00:02:19 (713 turns).

Hazorath the Sneak (Kobold Brigand)                  Turns: 713, Time: 00:02:19

Health: -3/28      AC:  3    Str:  8    XL:     4   Next: 41%
Magic:  4/4        EV: 15    Int: 12    God:
Gold:   22         SH:  0    Dex: 17    Spells: 3/3 levels left

rFire    . . .     SeeInvis .   a - +2 dagger
rCold    . . .     Faith    .   (shield restricted)
rNeg     . . .     Spirit   .   b - +0 robe
rPois    .         Reflect  .   (no helmet)
rElec    .         Harm     .   c - +0 cloak
rCorr    .                      (no gloves)
MR       .....                  (no boots)
Stlth    ++++......             (no amulet)
HPRegen  0.09/turn              (no ring)
MPRegen  0.09/turn              (no ring)

@: no status effects
A: small, nightstalker 3
a: no special abilities


You were on level 3 of the Dungeon.
You visited 1 branch of the dungeon, and saw 3 of its levels.

You collected 22 gold pieces.

Inventory:

Hand Weapons
 a - a +2 dagger (weapon)
Missiles
 d - 8 poisoned darts (quivered)
 e - 2 curare-tipped darts
Armour
 b - a +0 robe (worn)
 c - a +0 cloak (worn)
Jewellery
 h - an uncursed amulet of faith {unknown}
Potions
 f - 2 potions of heal wounds {unknown}
 g - a potion of cancellation {unknown}
 i - a potion of curing {unknown}


   Skills:
 * Level 3.2 Fighting
 * Level 3.8 Short Blades
 * Level 3.0 Throwing
 + Level 2.1 Dodging
 - Level 5.3 Stealth


You had 3 spell levels left.
You didn't know any spells.
Your spell library was empty.

Dungeon Overview and Level Annotations

Branches:
Dungeon (3/15)

Altars:


Innate Abilities, Weirdness & Mutations

You are small and have problems with some larger weapons.
You are completely attuned to the shadows.


Message History

Found a ring mail.
A centaur comes into view.
Found a stone staircase leading down.
The helpless orc fails to defend itself.
You impale the orc!!
You kill the orc!
The centaur shouts!
The centaur wields a +1 shortbow of freezing.
It is covered in frost.
The centaur shoots an arrow.
The arrow closely misses you.
The centaur shoots an arrow.
The arrow completely misses you.
You see here an arrow.
The centaur shoots an arrow.
The arrow hits you! The arrow freezes you.
You hear a shout!
You see here an arrow.
You hear an angry hiss.
The centaur shoots an arrow.
The arrow hits you!
* * * LOW HITPOINT WARNING * * *
The arrow freezes you.
You die...

....
...#.[(...
....
.....(....
....
...#......
....(.c###
##..(.##
....c##
.....## .#
......####.# .
..###.@....#.#
#.###..##.†..#
#....##)#
#.##.†..# #.
##..### .
#......
##.###.. ##..#
.. .####..###


You could see a centaur.

Vanquished Creatures
  4 gnolls (D:2)
  3 dart slugs
  2 orcs
  4 goblins
  A hobgoblin (D:2)
  4 kobolds
  4 bats
  A rat (D:3)
23 creatures vanquished.

Notes
Turn   | Place    | Note
-------+----------+-------------------------------------------
     0 | D:1      | Hazorath the Kobold Brigand began the quest for the Orb.
     0 | D:1      | Reached XP level 1. HP: 12/12 MP: 1/1
   155 | D:2      | Reached XP level 2. HP: 7/18 MP: 2/2
   609 | D:2      | Reached XP level 3. HP: 22/22 MP: 3/3
   616 | D:2      | Reached XP level 4. HP: 28/28 MP: 4/4
   705 | D:3      | Noticed a centaur
   713 | D:3      | Shot with an arrow by a centaur

Illustrated notes

Levels and vault maps discovered:
D:1:      matt_arrival_spirals, layout_loops_ring, st_stairs_12
D:2:      layout_loops_ring, chequers_ecumenical_altar_island,
          grunt_decor_arrowhead
D:3:      lemuel_castle_with_subvaults [lemuel_castle_interior_carwin_1],
          layout_rooms, st_stairs_2

Skill      XL: |  1  2  3 |
---------------+----------+-----
Short Blades   | 3 |  3.8
Fighting       | 3 |  3.2
Throwing       | 3 |  3.0
Dodging        | 2 |  2.1
Stealth        | |  5.3

Action                   |  1- 3 |  4- 6 || total
-------------------------+-------+-------++-------
Melee: Dagger            |    31 |    22 ||    53
Throw: Dart              |     8 |       ||     8
  Use: Scroll            |     2 |       ||     2
 Stab: Sleeping          |     6 |     1 ||     7
Armor: Robe              |     2 |     3 ||     5
Dodge: Dodged            |    18 |    17 ||    35

Table legend: (Time is in decaauts)
 A = Elapsed time spent in this place.
 B = Non-inter-level travel time spent in this place.
 C = Inter-level travel time spent in this place.
 D = Time resting spent in this place.
 E = Time spent auto-exploring this place.
 F = Levels seen in this place.
 G = Mean time per level.
                   A        B        C        D        E       F      G
               +--------+--------+--------+--------+--------+-----+--------+
         Total |    705 |    705 |      0 |    288 |    241 |   3 |  235.0 |
       Dungeon |    705 |    705 |      0 |    288 |    241 |   3 |  235.0 |
               +--------+--------+--------+--------+--------+-----+--------+

Top non-repeatable levels by time:
     D:2: 554 daAuts
     D:3: 75 daAuts
     D:1: 75 daAuts
